 Dungeon Crawl Stone Soup version 0.29.1-2-gbd0b4ee654 (webtiles) character file.

Game seed: 14956661652516652695

4474 Icepheonix32 the Fighter (level 10, -7/94 HPs)
             Began as a Minotaur Fighter on Nov 3, 2022.
             Was a Priest of Okawaru.
             Killed from afar by an electric eel (10 damage)
             ... with a bolt of electricity
             ... on level 8 of the Dungeon.
             The game lasted 00:15:12 (10103 turns).

Icepheonix32 the Fighter (Minotaur Fighter)        Turns: 10103, Time: 00:15:13

Health: -7/94      AC: 13    Str: 22    XL:     10   Next: 15%
Magic:  9/9        EV: 12    Int:  7    God:    Okawaru [***...]
Gold:   139        SH:  5    Dex: 11    Spells: 9/9 levels left

rFire   + . .      SeeInvis .   z - +2 demon trident (freeze)
rCold   . . .      Faith    .   c - +0 buckler
rNeg    . . .      Spirit   .   h - +4 ring mail
rPois   .          Reflect  .   (helmet restricted)
rElec   .          Harm     .   t - +1 cloak
rCorr   .          Rampage  .   (no gloves)
Will    .....                   (no boots)
Stlth   +.........              (no amulet)
HPRegen 0.25/turn               m - ring of wizardry
MPRegen 0.11/turn               E - ring of protection from fire

@: no status effects
A: horns 2, retaliatory headbutt
a: Renounce Religion, Heroism


You were on level 8 of the Dungeon.
You worshipped Okawaru.
Okawaru was most pleased with you.
You visited 2 branches of the dungeon, and saw 9 of its levels.

You collected 557 gold pieces.
You spent 418 gold pieces at shops.

Inventory:

Hand Weapons
 a - a +1 mace of holy wrath
 b - a +1 whip of pain
 z - a +2 demon trident of freezing (weapon)
 B - a +1 antimagic morningstar
Missiles
 i - 4 boomerangs
 x - a throwing net (quivered)
Armour
 c - a +0 buckler (worn)
 h - a +4 ring mail (worn)
 t - a +1 cloak (worn)
Magical Staves
 s - a staff of fire
Jewellery
 m - a ring of wizardry (left hand)
 D - a ring of ice
 E - a ring of protection from fire (right hand)
Wands
 A - a wand of flame (6)
Scrolls
 e - 2 scrolls of fear
 g - 6 scrolls of teleportation
 j - 2 scrolls of magic mapping
 l - 2 scrolls of poison
 r - a scroll of vulnerability
 y - 2 scrolls of amnesia
 F - a scroll of torment
 I - 2 scrolls of identify
Potions
 d - 4 potions of might
 f - a potion of ambrosia
 k - 2 potions of magic
 n - a potion of haste
 o - 2 potions of cancellation
 p - 3 potions of flight
 q - 6 potions of curing
 v - a potion of heal wounds
 w - 2 potions of invisibility
 C - a potion of berserk rage
 G - a potion of mutation
 H - a potion of attraction


   Skills:
 * Level 10.5 Fighting
 - Level 4.5 Short Blades
 - Level 2.5(5.7) Axes
 - Level 3.2(3.7) Maces & Flails
 * Level 7.3(7.5) Polearms
 + Level 8.0 Armour
 + Level 5.1 Dodging
 + Level 1.4 Stealth
 + Level 6.7 Shields
 + Level 0.3 Evocations


You had 9 spell levels left.
You didn't know any spells.
Your spell library contained the following spells:

 Spells                   Type           Power      Damage    Failure   Level
 Apportation              Tloc           0%         N/A       32%         1
 Necrotise                Necr           0%         1d4       32%         1
 Shock                    Conj/Air       0%         1d3       32%         1
 Ensorcelled Hibernation  Hex/Ice        0%         N/A       45%         2
 Passwall                 Tmut/Erth      0%         N/A       45%         2
 Static Discharge         Conj/Air       0%         3-3/arc   45%         2
 Swiftness                Air            0%         N/A       69%         3
 Airstrike                Air            0%         2d(0-16)  96%         4
 Corpse Rot               Necr/Pois/Air  0%         N/A       96%         4
 Dispel Undead            Necr           0%         3d6       96%         4
 Sticky Flame             Conj/Fire      0%         2d3       96%         4
 Blade Hands              Tmut           0%         N/A       100%        5
 Iron Shot                Conj/Erth      0%         9d1       100%        6
 Summon Small Mammal      Summ           Unusable   N/A       N/A         1
 Call Canine Familiar     Summ           Unusable   N/A       N/A         3
 Summon Guardian Golem    Hex/Summ       Unusable   N/A       N/A         3
 Animate Armour           Summ/Erth      Unusable   N/A       N/A         4
 Death Channel            Necr           Unusable   N/A       N/A         6

Dungeon Overview and Level Annotations

Branches:
Dungeon (8/15)             Temple (1/1) D:6
   Lair: D:8-11

Altars:
Ashenzari
Dithmenos
Elyvilon
Fedhas
Gozag
Hepliaklqana
Kikubaaqudgha
Makhleb
Nemelex Xobeh
Okawaru
Qazlal
Ru
Sif Muna
Trog
Uskayaw
Vehumet
Wu Jian
Xom
Yredelemnul
Zin
The Shining One

Shops:
D:5 !   D:7 (   D:8 [


Innate Abilities, Weirdness & Mutations

You have a pair of horns on your head.
You reflexively headbutt those who attack you in melee.


Message History

Okawaru accepts your kill.
No reachable target in view!
You reach to attack!
You closely miss the electric eel.
You reach to attack!
You hit the electric eel. You freeze the electric eel.
The electric eel is lightly wounded.
The electric eel shoots out a bolt of lightning at you!
The bolt of electricity hits you! x2
The bolt of electricity hits the electric eel.
The electric eel completely resists.
You reach to attack!
You hit the electric eel but do no damage.
The electric eel is lightly wounded.
The electric eel shoots out a bolt of lightning at you!
The bolt of electricity hits you!
You are too injured to fight recklessly!
You are too injured to fight recklessly!
You are too injured to fight recklessly!
You are too injured to fight recklessly!
The electric eel shoots out a bolt of lightning at you!
The bolt of electricity hits you!
The electric eel shoots out a bolt of lightning at you!
The bolt of electricity hits you. x2
* * * LOW HITPOINT WARNING * * *
Unknown command.
The electric eel shoots out a bolt of lightning at you!
The bolt of electricity hits you.
* * * LOW HITPOINT WARNING * * *
The electric eel shoots out a bolt of lightning at you!
The bolt of electricity hits you!
* * * LOW HITPOINT WARNING * * *
The electric eel shoots out a bolt of lightning at you!
The bolt of electricity hits you!
* * * LOW HITPOINT WARNING * * *
You feel better.
The electric eel shoots out a bolt of lightning at you!
The bolt of electricity hits you!
* * * LOW HITPOINT WARNING * * *
The electric eel shoots out a bolt of lightning at you!
The bolt of electricity hits you!
You die...

hh~≈≈≈≈~.# #.#.#####.
~~≈≈ #...)..... ~≈≈≈≈
#..####### ~≈≈≈≈ ##.#
~≈≈≈≈≈ #.## .≈≈≈≈S###
#..# ≈~≈~~S?.# ##.#
≈≈~~.~#.#### #.#
≈≈~......@.# #.#
~~≈...#.##.########.##
..~~..#..........∩...#
# .....
#.##.########..#####
........##.# #.......
...#....##.# ##.######
........##.# #..#
#...###.# #.## #.# #.#
#.#


You could see 2 electric eels.

Vanquished Creatures
  A troll (D:8)
  6 yaks (D:8)
  A steam dragon (D:6)
  A water moccasin (D:7)
  A sky beast (D:6)
  An ice beast (D:5)
  6 orc warriors
  A wolf (D:8)
  An ogre (D:7)
  A centaur (D:7)
  A kobold brigand (D:7)
  A wyvern zombie (D:6)
  A necrophage (D:5)
  3 bullfrogs
  A water moccasin zombie (D:6)
  3 scorpions
  3 wights (D:6)
  2 electric eels (D:8)
  3 howler monkeys
  A centaur zombie (D:6)
  4 hounds
  5 bullfrog zombies (D:6)
  2 jellies
  7 orc priests
  Crazy Yiuf (D:2)
  An iguana (D:6)
  3 bullfrog skeletons (D:6)
  7 orc wizards
  Natasha (D:3)
  A howler monkey zombie (D:6)
  3 gnolls (D:3)
  2 adders
  2 shadow imps
  3 white imps
  2 ufetubi
  2 worms (D:5)
  2 dart slugs (D:4)
  40 orcs
  7 ball pythons
  3 bats
  5 endoplasms
  4 giant cockroaches
  4 goblins
  4 hobgoblins
  A jackal (D:2)
  16 kobolds
  9 quokkas
  3 frilled lizards
  A goblin skeleton (D:3)
  A goblin zombie (D:3)
  A hobgoblin zombie (D:3)
  2 kobold zombies (D:3)
  An orc skeleton (D:3)
  An orc zombie (D:3)
  4 rats
194 creatures vanquished.

Vanquished Creatures (others)
  An orc wizard (D:6)
  2 fungi (D:2)
  8 plants
  4 withered plants (D:6)
15 creatures vanquished.

Grand Total: 209 creatures vanquished

Notes
Turn   | Place    | Note
-------+----------+-------------------------------------------
     0 | D:1      | Icepheonix32 the Minotaur Fighter began the quest for the
                  | Orb.
     0 | D:1      | Reached XP level 1. HP: 19/19 MP: 0/0
   188 | D:1      | Reached skill level 4 in Fighting
   275 | D:1      | Reached XP level 2. HP: 27/27 MP: 1/1
  1307 | D:2      | Found a faded altar of an unknown god.
  1476 | D:2      | Reached XP level 3. HP: 25/29 MP: 2/2
  2039 | D:2      | Found a runed translucent door.
  2040 | D:2      | Noticed Crazy Yiuf
  2049 | D:2      | Killed Crazy Yiuf
  2148 | D:3      | Reached XP level 4. HP: 41/41 MP: 3/3
  2278 | D:3      | Reached skill level 1 in Short Blades
  2650 | D:3      | Noticed Natasha
  2657 | D:3      | Killed Natasha
  2702 | D:3      | Found a glowing golden altar of the Shining One.
  2723 | D:3      | Reached skill level 1 in Dodging
  2970 | D:3      | Reached XP level 5. HP: 44/47 MP: 4/4
  3380 | D:4      | Reached skill level 5 in Armour
  3847 | D:5      | Entered Level 5 of the Dungeon
  3854 | D:5      | Reached skill level 5 in Fighting
  3854 | D:5      | Reached skill level 1 in Stealth
  3901 | D:5      | Reached XP level 6. HP: 38/56 MP: 5/5
  4011 | D:5      | Found an ornate altar of the Wu Jian Council.
  4047 | D:5      | Noticed an ice beast
  4069 | D:5      | Killed an ice beast
  4444 | D:5      | Reached XP level 7. HP: 62/62 MP: 6/6
  4471 | D:5      | Found Jaukh's Distillery.
  4477 | D:5      | Bought a potion of invisibility for 88 gold pieces
  4477 | D:5      | Bought a potion of mutation for 88 gold pieces
  4477 | D:5      | Bought a potion of attraction for 33 gold pieces
  4477 | D:5      | Bought a potion of haste for 110 gold pieces
  4477 | D:5      | Bought a potion of degeneration for 11 gold pieces
  4526 | D:5      | Reached skill level 6 in Fighting
  4957 | D:6      | Reached skill level 5 in Shields
  5051 | D:6      | HP: 3/64 [orc warrior/+0 halberd (10)]
  5337 | D:6      | Reached skill level 7 in Fighting
  5337 | D:6      | Reached XP level 8. HP: 59/73 MP: 7/7
  5402 | D:6      | Found a staircase to the Ecumenical Temple.
  5409 | Temple   | Entered the Ecumenical Temple
  5570 | Temple   | Became a worshipper of Warmaster Okawaru
  6066 | D:6      | Reached * piety under Okawaru
  6330 | D:6      | Reached skill level 8 in Fighting
  7033 | D:5      | Bought 2 potions of might for 88 gold pieces
  7117 | D:7      | Found Woenunif's Weapon Boutique.
  7172 | D:7      | Reached skill level 1 in Polearms
  7172 | D:7      | Reached XP level 9. HP: 82/82 MP: 2/8
  7311 | D:7      | Reached skill level 1 in Maces & Flails
  7318 | D:7      | Reached skill level 9 in Fighting
  7410 | D:7      | Reached ** piety under Okawaru
  7914 | D:7      | Reached skill level 5 in Dodging
  9585 | D:8      | Found Taumarok's Antique Armour Emporium.
  9624 | D:8      | Found a blossoming altar of Fedhas.
  9680 | D:8      | Found a sacrificial altar of Ru.
  9680 | D:8      | Found a glowing silver altar of Zin.
  9681 | D:8      | Found a burning altar of Makhleb.
  9728 | D:8      | Reached skill level 5 in Polearms
  9733 | D:8      | Reached *** piety under Okawaru
  9741 | D:8      | Reached skill level 10 in Fighting
  9744 | D:8      | Reached XP level 10. HP: 94/94 MP: 9/9
 10103 | D:8      | HP: 3/94 [electric eel/bolt of electricity (10)]
 10103 | D:8      | Killed from afar by an electric eel

Illustrated notes

Levels and vault maps discovered:
D:1:      minmay_arrival_widening_spiral_wide, layout_loops_corners,
          hangedman_decor_growths, hangedman_decor_riveting
D:2:      layout_loops_corners, chequers_ecumenical_altar_island,
          kennysheep_generic_room_6, uniq_crazy_yiuf_cottage
D:3:      layout_basic, nicolae_tso_besieged_by_evil, chequers_decorated_corner,
          uniq_natasha
D:4:      layout_layer_cave, minmay_misc_feat_tiny
D:5:      layout_loops_ring, mainiacjoe_overflow_brackets, serial_shops, shop
D:6:      layout_loops_corners, minmay_temple_entry_enclosed_plants,
          serial_undead, serial_undead_a, serial_undead_b, serial_undead_f,
          serial_undead_a, serial_undead_c, serial_undead_a
D:7:      layout_basic, serial_shops, nicolae_shop_bloodbath_and_beyond
D:8:      layout_loops_ring, mainiacjoe_overflow_cross_hatched,
          gammafunk_temple_overflow_forgotten, erik_lair_island, serial_shops,
          shop, special_room [special_room_orc], water_boxes_lemuel
Temple:   nicolae_temple_superstar

Skill      XL: |  1  2  3  4  5  6  7  8  9 10 |
---------------+-------------------------------+-----
Fighting       | 4 5 7 8 10 | 10.5
Armour         | 4 5 6 7 8 |  8.0
Short Blades   | 1 2 3 4 |  4.5
Shields        | 4 5 6 |  6.7
Dodging        | 1 2 3 4 5 |  5.1
Stealth        | 1 |  1.4
Polearms       | 1 6 7 |  7.3
Maces & Flails | 3 |  3.2
Axes           | |  2.5
Evocations     | |  0.3

Action                   |  1- 3 |  4- 6 |  7- 9 | 10-12 || total
-------------------------+-------+-------+-------+-------++-------
Melee: War axe           |    36 |       |    13 |       ||    49
       Dagger            |    55 |   233 |   188 |       ||   476
       Headbutt          |    12 |    32 |    87 |     5 ||   136
       Morningstar       |       |       |   120 |       ||   120
       Demon trident     |       |       |    88 |    29 ||   117
       Trident           |       |       |    30 |       ||    30
Evoke: Wand              |       |       |     7 |       ||     7
  Use: Scroll            |     4 |       |     8 |       ||    12
       Potion            |     2 |       |     7 |     1 ||    10
Armor: Ring mail         |    33 |    99 |   203 |     8 ||   343
       Scale mail        |     4 |       |       |       ||     4
Dodge: Dodged            |    32 |    81 |   222 |     6 ||   341
Block: Buckler           |    14 |    38 |   108 |     2 ||   162
